 Dungeon Crawl Stone Soup version 0.22-a0-162-g33bf127 (webtiles) character file.

133 Amnesiac the Digger (level 4, -1/30 HPs)
             Began as a Mummy Earth Elementalist on Feb 12, 2018.
             Killed by divine providence
             ... invoked by an orc priest
              (9 damage)
             ... on level 3 of the Dungeon.
             The game lasted 00:08:05 (3436 turns).

Amnesiac the Digger (Mummy Earth Elementalist)      Turns: 3436, Time: 00:08:06

Health: -1/30      AC:  3    Str: 11    XL:     4   Next: 94%
Magic:  8/8        EV: 12    Int: 15    God:
Gold:   21         SH:  0    Dex: 12    Spells: 2/9 levels left

rFire    x . .     SeeInvis .   k - +1 dagger (vamp)
rCold    + . .     Gourm    .   (no shield)
rNeg     + + +     Faith    .   c - +0 robe
rPois    ∞         Spirit   .   f - +0 helmet
rElec    .         Reflect  .   (no cloak)
rCorr    .         Harm     .   (no gloves)
MR       .....                  (no boots)
Stlth    ++........             (no amulet)
HPRegen  0.10/turn              (no ring)
MPRegen  0.11/turn              (no ring)

@: no status effects
A: no food or potions, fire vulnerability, cold resistance 1, negative energy
resistance 3, torment resistance, unbreathing
a: no special abilities


You were on level 3 of the Dungeon.
You were not hungry.

You visited 1 branch of the dungeon, and saw 4 of its levels.

You collected 21 gold pieces.

Inventory:

Hand Weapons
 k - a +1 vampiric dagger (weapon)
Missiles
 b - 24 stones
 e - 3 javelins (quivered)
 i - 32 poisoned needles
Armour
 c - a +0 robe (worn)
 f - a +0 helmet (worn)
Scrolls
 a - a scroll of enchant weapon {!r, unknown}
 h - a scroll of remove curse {!r}
 j - a scroll of noise {!r}
Books
 d - a book of Geomancy

   Spells                             Type                      Level
   a - Sandblast                      Earth                        1
   b - Passwall                       Transmutation/Earth          2
   c - Stone Arrow                    Conjuration/Earth            3
   d - Petrify                        Transmutation/Earth          4
   e - Lee's Rapid Deconstruction     Earth                        5


   Skills:
 - Level 1.5 Dodging
 - Level 1.5 Stealth
 - Level 3.0 Spellcasting
 - Level 3.1 Transmutations
 + Level 3.3 Earth Magic


You had 2 spell levels left.
You knew the following spells:

 Your Spells              Type           Power        Failure   Level  Hunger
a - Sandblast             Erth           ##....       4%          1    N/A
b - Passwall              Tmut/Erth      ##........   8%          2    N/A
e - Petrify               Tmut/Erth      ##......     45%         4    N/A

Dungeon Overview and Level Annotations

Branches:
Dungeon (4/15)
 Temple: D:4-7

Altars:
Dithmenos
Fedhas
Kikubaaqudgha
Sif Muna
Uskayaw
Xom
Yredelemnul


Innate Abilities, Weirdness & Mutations

You do not eat or drink.
Your flesh is vulnerable to fire.
You are immune to poison.
Your flesh is cold resistant. (rC+)
You are immune to negative energy. (rN+++)
You are immune to unholy pain and torment.
You can survive without breathing.


Message History

The orc is lightly wounded.
You hit the orc.
The orc is heavily wounded.
The orc barely misses you.
You hit the orc.
You kill the orc!
A jackal comes into view.
You catch the helpless jackal completely off-guard!
You hit the jackal.
You kill the jackal!
A jackal comes into view.
A quokka and an orc come into view.
The orc shouts!
The jackal barks!
You hear a shout!
You barely miss the jackal. The jackal barely misses you. The jackal bites you.
An orc priest comes into view. It is wielding a hand axe.
You hit the jackal.
You feel better.
The jackal is heavily wounded.
The jackal closely misses you.
You hit the jackal.
You feel better.
You kill the jackal!
An orc comes into view.
A quokka comes into view.
The orc moves out of view.
The quokka closely misses you.
You see here a jackal corpse.
You hit the quokka but do no damage. The quokka closely misses you.
A giant cockroach comes into view.
The giant cockroach moves out of view.
The orc priest invokes the aid of Beogh against you.
Beogh smites you!
You hear a shout! x2
A goblin comes into view.
There is a stone staircase leading down here.
The quokka bites you but does no damage.
The quokka barely misses you.
You climb downwards.
A centaur skeleton comes into view.
Found a ration, a robe and a glowing golden potion.
Found a stone staircase leading up.
There is a stone staircase leading up here.
The helpless centaur skeleton fails to defend itself.
You puncture the centaur skeleton!
The centaur skeleton is moderately damaged.
The centaur skeleton hits you. The quokka bites you.
* * * LOW HITPOINT WARNING * * *
The quokka barely misses you.
Found a robe.
There is a stone staircase leading up here.
The centaur skeleton barely misses you. The quokka bites you.
* * * LOW HITPOINT WARNING * * *
The centaur skeleton hits you but does no damage.
You climb upwards. 2 orcs and an orc priest come into view.
The orc shouts!
The orc priest shouts!
The orc throws a tomahawk.
The tomahawk hits you.
* * * LOW HITPOINT WARNING * * *
2 orcs come into view.
There is a stone staircase leading down here.
You see here a tomahawk.
The quokka barely misses you. The quokka bites you.
* * * LOW HITPOINT WARNING * * *
The orc priest invokes the aid of Beogh against you.
Beogh smites you!
You die...

#..#.# #
##o##.#.#
##>.#....#
##.......#
#.....####
#....##
#.....#
#...#r#
#####@#
#.....#
#####..# #


You could see an orc priest and a quokka.

Vanquished Creatures
  An orc wizard (D:2)
  A gnoll (D:1)
  2 adders (D:2)
  2 oozes
  6 orcs
  2 ball pythons
  4 bats
  5 giant cockroaches (D:1)
  4 goblins (D:1)
  4 hobgoblins (D:1)
  13 jackals
  A quokka (D:2)
  2 frilled lizards
  9 kobolds
  7 rats
63 creatures vanquished.

Notes
Turn   | Place    | Note
-------+----------+-------------------------------------------
     0 | D:1      | Amnesiac the Mummy Earth Elementalist began the quest for the Orb.
     0 | D:1      | Reached XP level 1. HP: 13/13 MP: 4/4
   155 | D:1      | Reached XP level 2. HP: 19/19 MP: 5/5
   233 | D:1      | Learned a level 2 spell: Passwall
   321 | D:1      | Reached skill level 1 in Transmutations
   828 | D:1      | Reached XP level 3. HP: 11/24 MP: 7/7
  1807 | D:2      | Reached XP level 4. HP: 21/30 MP: 6/8
  1830 | D:2      | Learned a level 4 spell: Petrify
  3340 | D:3      | Found a deep blue altar of Sif Muna.
  3341 | D:3      | Found a blossoming altar of Fedhas.
  3343 | D:3      | Found a shimmering altar of Xom.
  3343 | D:3      | Found a shadowy altar of Dithmenos.
  3345 | D:3      | Found a hide-covered altar of Uskayaw.
  3345 | D:3      | Found an ancient bone altar of Kikubaaqudgha.
  3346 | D:3      | Found a basalt altar of Yredelemnul.
  3436 | D:3      | Killed from afar by an orc priest

Vault maps used:
D:1:      minmay_arrival_loop, supply_closet_lemuel
D:2:      cheibrodos_pilgrimage, minivault_26, minmay_octomino_c4
D:3:      kennysheep_goblin_castle, grunt_temple_overflow_open, serial_forest,
          infiniplex_forest_3_way, infiniplex_forest_straight_2,
          infiniplex_forest_split, infiniplex_forest_straight_2,
          infiniplex_forest_lined_3, infiniplex_forest_corner_1,
          nicolae_ru_sacrificial_ziggurat
D:4:      first_ration

Skill      XL: |  1  2  3  4 |
---------------+-------------+-----
Spellcasting   | 3 |  3.0
Earth Magic    | 3 |  3.3
Transmutations | 1 2 3 |  3.1
Dodging        | |  1.5
Stealth        | |  1.5

Action                   |  1- 3 |  4- 6 || total
-------------------------+-------+-------++-------
Melee: Dagger            |   113 |   106 ||   219
Throw: Javelin           |    22 |     3 ||    25
 Cast: Sandblast         |    15 |    27 ||    42
       Petrify           |       |     1 ||     1
  Use: Scroll            |       |     3 ||     3
 Stab: Sleeping          |     3 |     4 ||     7
       Distracted        |     2 |     1 ||     3
Armor: Robe              |    17 |    28 ||    45
Dodge: Dodged            |    94 |   101 ||   195

Table legend:
 A = Spawn XP
 B = Non-spawn XP
 C = Spawn XP percentage of total XP
 D = Spawn monster count
 E = Non-spawn monster count
 F = Spawn count percentage of total count
 G = Total turns spent on level
                    A         B        C        D         E        F      G
               +---------+---------+-------+---------+---------+-------+---------
         Total |       0 |     191 |   0.0 |       0 |      63 |   0.0 |  3436
               +---------+---------+-------+---------+---------+-------+---------
           D:1 |       0 |      81 |   0.0 |       0 |      38 |   0.0 |  1874
           D:2 |       0 |      93 |   0.0 |       0 |      16 |   0.0 |  1449
           D:3 |       0 |      17 |   0.0 |       0 |       9 |   0.0 |   108
               +---------+---------+-------+---------+---------+-------+---------
